 Dungeon Crawl Stone Soup version 0.28.0 (webtiles) character file.

Game seed: 3505931437221215694

184 themarg the Protected (level 5, 0/37 HPs)
             Began as a Gnoll Wanderer on Feb 5, 2022.
             Succumbed to Crazy Yiuf's poison
             ... on level 2 of the Dungeon.
             The game lasted 00:17:26 (3326 turns).

themarg the Protected (Gnoll Wanderer)              Turns: 3326, Time: 00:17:27

Health: 0/37       AC: 11    Str: 10    XL:     5   Next: 64%
Magic:  7/7        EV:  6    Int: 10    God:
Gold:   74         SH:  0    Dex: 16    Spells: 7/7 levels left

rFire   . . .      SeeInvis .   h - +1 mace (vorpal)
rCold   . . .      Faith    .   (no shield)
rNeg    . . .      Spirit   .   b - +0 chain mail
rPois   .          Reflect  .   (no helmet)
rElec   .          Harm     .   (no cloak)
rCorr   .          Rampage  .   (no gloves)
Will    .....                   (no boots)
Stlth   ..........              (no amulet)
HPRegen 0.12/turn               (no ring)
MPRegen 0.10/turn               (no ring)

@: lethally poisoned (0 -> -1), on berserk cooldown, slowed, very slow
A: fangs 1, strong nose, distributed training
a: no special abilities


You were on level 2 of the Dungeon.
You visited 1 branch of the dungeon, and saw 2 of its levels.

You collected 74 gold pieces.

Inventory:

Hand Weapons
 a - a +0 quarterstaff
 d - a +0 dagger
 h - a +1 vorpal mace (weapon)
Missiles
 c - 4 javelins (quivered)
Armour
 b - a +0 chain mail (worn)
Magical Staves
 f - a staff of death
Potions
 e - a potion of curing


   Skills:
 + Level 1.6 Fighting
 + Level 1.6 Short Blades
 + Level 1.6 Long Blades
 + Level 1.6 Axes
 + Level 1.6 Maces & Flails
 + Level 1.6 Polearms
 + Level 8.6 Staves
 + Level 1.6 Slings
 + Level 1.6 Bows
 + Level 1.6 Crossbows
 + Level 1.6 Throwing
 + Level 10.5 Armour
 + Level 1.6 Dodging
 + Level 1.6 Stealth
 + Level 1.6 Shields
 + Level 1.6 Unarmed Combat
 + Level 1.6 Spellcasting
 + Level 1.2 Conjurations
 + Level 1.2 Hexes
 + Level 1.2 Summonings
 + Level 1.2 Necromancy
 + Level 1.2 Translocations
 + Level 1.2 Transmutations
 + Level 1.2 Fire Magic
 + Level 1.2 Ice Magic
 + Level 1.2 Air Magic
 + Level 1.2 Earth Magic
 + Level 1.2 Poison Magic
 + Level 1.8 Invocations
 + Level 3.0 Evocations


You had 7 spell levels left.
You didn't know any spells.
Your spell library contained the following spells:

 Spells                   Type           Power      Damage    Failure   Level
 Sublimation of Blood     Necr           3%         N/A       100%        2
 Wereblood                Tmut           3%         N/A       100%        2
 Summon Hydra             Summ           1%         N/A       100%        7


Dungeon Overview and Level Annotations

Branches:
Dungeon (2/15)

Altars:

Annotations:
D:2 Crazy Yiuf


Innate Abilities, Weirdness & Mutations

You have very sharp teeth.
Your uncanny sense of smell can sniff out nearby items.
Your experience applies equally to all skills.


Message History

You see here a +1 vorpal mace.
h - a +1 vorpal mace
h - a +1 vorpal mace (weapon)
You aren't carrying any pieces of jewellery.
Okay, then.
Crazy Yiuf shouts!
Hit: h) +1 mace (vorpal)
Press: ? - help, Dir - move target You can't get through.
Okay, then.
You open the door. You hit Crazy Yiuf but do no damage.
Crazy Yiuf hits you with a +3 quarterstaff of chaos.
A red film seems to cover your vision as you go berserk!
You feel yourself moving faster!
You feel mighty!
You hit Crazy Yiuf.
Crazy Yiuf is moderately wounded.
Crazy Yiuf hits you with a +3 quarterstaff of chaos.
You are poisoned.
You feel very sick.
You feel a strong urge to attack something.
You feel sick.
You feel sick.
You are too berserk!
You feel your anger nearly subside.
You feel sick.
You are no longer berserk.
You are exhausted.
You feel yourself slow down.
You feel sick.
You feel very sick.
You feel sick.
Crazy Yiuf says, "Rifle!
Goldfish head Orb Guardian."
You feel sick.
You feel sick.
Crazy Yiuf whimpers, "Castle pontify poople!"
Crazy Yiuf hits you with a +3 quarterstaff of chaos!
* * * LOW HITPOINT WARNING * * *
As you read the scroll of fog, it crumbles to dust.
The scroll dissolves into smoke.
You die...

#.≈.##..##..# ♣g♣♣ #.#
#)≈.##.###..# ♣♣.♣ #.#
#.≈.........# ♣.♣♣ #.#####
#.≈.##.###.## ♣♣.♣♣ #......
..≈.##.###.# ♣..)♣♣ #######
⌠⌠≈.##...†.# ♣P..P♣ ########
....##.##### #.§).# ........
.#####.###### #§g§§#### ########
.# #......####@§§...###########
.# #.####...§§§§...............
.#####.#########......#########.#
..........##.###...########## ##.
............................#####
...................########......
###.##.#...)....#..# #######
#.###.............#
##.####........#.##


You could see Crazy Yiuf.

Vanquished Creatures
  A jelly (D:1)
  Natasha (D:2)
  Robin (D:2)
  3 adders (D:2)
  3 worms
  A dart slug (D:1)
  4 ball pythons
  2 bats
  8 endoplasms
  8 giant cockroaches (D:1)
  22 goblins
  6 hobgoblins
  5 jackals (D:1)
  2 kobolds
  2 quokkas (D:1)
  6 rats
75 creatures vanquished.

Vanquished Creatures (others)
  4 fungi (D:2)
  4 plants (D:1)
8 creatures vanquished.

Grand Total: 83 creatures vanquished

Notes
Turn   | Place    | Note
-------+----------+-------------------------------------------
     0 | D:1      | Reached skill level 10 in Armour
     0 | D:1      | themarg the Gnoll Wanderer began the quest for the Orb.
     0 | D:1      | themarg set off with the following items: a +0
                  | quarterstaff, a +0 chain mail, a scroll of fog
     0 | D:1      | Reached XP level 1. HP: 13/13 MP: 1/1
     1 | D:1      | Found a runed translucent door.
     1 | D:1      | Noticed a jelly
   186 | D:1      | Reached XP level 2. HP: 16/19 MP: 2/2
  1094 | D:1      | Reached XP level 3. HP: 23/25 MP: 3/3
  1482 | D:1      | Reached skill level 1 in Invocations
  1908 | D:1      | Reached skill level 1 in Fighting
  1908 | D:1      | Reached skill level 1 in Short Blades
  1908 | D:1      | Reached skill level 1 in Long Blades
  1908 | D:1      | Reached skill level 1 in Axes
  1908 | D:1      | Reached skill level 1 in Maces & Flails
  1908 | D:1      | Reached skill level 1 in Polearms
  1908 | D:1      | Reached skill level 1 in Slings
  1908 | D:1      | Reached skill level 1 in Bows
  1908 | D:1      | Reached skill level 1 in Crossbows
  1908 | D:1      | Reached skill level 1 in Throwing
  1908 | D:1      | Reached skill level 1 in Dodging
  1908 | D:1      | Reached skill level 1 in Stealth
  1908 | D:1      | Reached skill level 1 in Shields
  1908 | D:1      | Reached skill level 1 in Unarmed Combat
  1908 | D:1      | Reached skill level 1 in Spellcasting
  1908 | D:1      | Reached XP level 4. HP: 16/32 MP: 5/5
  2242 | D:2      | Reached skill level 1 in Conjurations
  2242 | D:2      | Reached skill level 1 in Hexes
  2242 | D:2      | Reached skill level 1 in Summonings
  2242 | D:2      | Reached skill level 1 in Necromancy
  2242 | D:2      | Reached skill level 1 in Translocations
  2242 | D:2      | Reached skill level 1 in Transmutations
  2242 | D:2      | Reached skill level 1 in Fire Magic
  2242 | D:2      | Reached skill level 1 in Ice Magic
  2242 | D:2      | Reached skill level 1 in Air Magic
  2242 | D:2      | Reached skill level 1 in Earth Magic
  2242 | D:2      | Reached skill level 1 in Poison Magic
  2360 | D:2      | Noticed Robin
  2421 | D:2      | Killed Robin
  2438 | D:2      | Reached XP level 5. HP: 14/37 MP: 6/6
  2989 | D:2      | Noticed Natasha
  2994 | D:2      | Killed Natasha
  3111 | D:2      | Found a faded altar of an unknown god.
  3304 | D:2      | Found a runed translucent door.
  3311 | D:2      | Noticed Crazy Yiuf
  3325 | D:2      | HP: 1/37 [Crazy Yiuf (13)]
  3326 | D:2      | Succumbed to Crazy Yiuf's poison

Illustrated notes

Levels and vault maps discovered:
D:1:      dpeg_arrival_caged_fury, layout_loops_ring, serial_forest,
          infiniplex_forest_zigzag_1, infiniplex_forest_straight_5,
          infiniplex_forest_end_2, infiniplex_forest_clump_long,
          infiniplex_forest_clump_large, chequers_decorated_corner
D:2:      cheibrodos_greedy_goblins, layout_loops_ring,
          shapermc_ecumenical_altar_acropolis, uniq_crazy_yiuf_cottage,
          uniq_robin, uniq_natasha

Skill      XL: |  1  2  3  4  5 |
---------------+----------------+-----
Armour         | | 10.5
Invocations    | 1 |  1.8
Fighting       | 1 |  1.6
Short Blades   | 1 |  1.6
Long Blades    | 1 |  1.6
Axes           | 1 |  1.6
Maces & Flails | 1 |  1.6
Polearms       | 1 |  1.6
Slings         | 1 |  1.6
Bows           | 1 |  1.6
Crossbows      | 1 |  1.6
Throwing       | 1 |  1.6
Dodging        | 1 |  1.6
Stealth        | 1 |  1.6
Shields        | 1 |  1.6
Unarmed Combat | 1 |  1.6
Spellcasting   | 1 |  1.6
Conjurations   | 1 |  1.2
Hexes          | 1 |  1.2
Summonings     | 1 |  1.2
Necromancy     | 1 |  1.2
Translocations | 1 |  1.2
Transmutations | 1 |  1.2
Fire Magic     | 1 |  1.2
Ice Magic      | 1 |  1.2
Air Magic      | 1 |  1.2
Earth Magic    | 1 |  1.2
Poison Magic   | 1 |  1.2
Evocations     | 3 |  3.0
Staves         | |  8.6

Action                   |  1- 3 |  4- 6 || total
-------------------------+-------+-------++-------
Melee: Quarterstaff      |   120 |   120 ||   240
       Bite              |    13 |    15 ||    28
       Mace              |       |     2 ||     2
  Use: Potion            |       |     2 ||     2
       Scroll            |       |     2 ||     2
Armor: Chain mail        |    97 |    77 ||   174
Dodge: Dodged            |    24 |    35 ||    59
